 Dungeon Crawl Stone Soup version 0.25.0 (webtiles) character file.

Game seed: 7140715437170007589

10307 mortelune the Zephyrmancer (level 11, 0/67 HPs)
             Began as a Tengu Air Elementalist on June 12, 2020.
             Was a Priest of Vehumet.
             Hit by a javelin thrown by a minotaur (23 damage)
             ... in a Gauntlet.
             The game lasted 00:48:11 (19564 turns).

mortelune the Zephyrmancer (TeAE)                  Turns: 19564, Time: 00:48:11

Health: 0/67       AC:  9    Str:  7    XL:     11   Next: 60%
Magic:  0/24       EV: 20    Int: 19    God:    Vehumet [***...]
Gold:   653        SH:  0    Dex: 22    Spells: 7/27 levels left

rFire    . . .     SeeInvis .   G - +2 long sword
rCold    + . .     Gourm    .   (no shield)
rNeg     . . .     Faith    .   i - +0 acid dragon scales
rPois    .         Spirit   +   (helmet restricted)
rElec    .         Reflect  .   x - +0 cloak
rCorr    +         Harm     .   I - +0 pair of gloves
MR       +++..     NoTele   +   (boots unavailable)
Stlth    ++........             M - amulet of Vurel {Spirit +Fly MR+++ Str-2}
HPRegen  0.61/turn              y - +6 ring of dexterity
MPRegen  0.19/turn              W - ring of wizardry

@: mighty, flying quickly and evasively, starving, quick
A: beak, talons 3, agile 1, cold resistance 1, regeneration 1, able to fly
a: Stop Flying, Renounce Religion


You were in a Gauntlet.
You worshipped Vehumet.
Vehumet was most pleased with you.
You were starving.

You visited 2 branches of the dungeon, and saw 13 of its levels.
You also visited: Gauntlet.

You collected 653 gold pieces.

Inventory:

Hand Weapons
 n - a +4 spear
 G - a +2 long sword (weapon)
Missiles
 k - 5 silver javelins (quivered)
Armour
 a - a +1 robe
 i - +0 acid dragon scales (worn)
 x - a +0 cloak (worn)
 I - a +0 pair of gloves (worn)
 K - a +0 troll leather armour
Magical Staves
 h - an uncursed staff of conjuration {unknown}
Jewellery
 w - an uncursed ring of stealth
 y - a +6 ring of dexterity (left hand)
 M - the amulet of Vurel (around neck) {Spirit +Fly MR+++ Str-2}
   (You found it in a Gauntlet)

   [amulet of guardian spirit]

   It causes incoming damage to be split between your health and magic.
   It affects your strength (-2).
   It affects your resistance to hostile enchantments.
   It lets you fly.
 N - an uncursed ring of positive energy
 P - an uncursed ring of poison resistance
 W - a ring of wizardry (right hand)
Wands
 d - a wand of disintegration (7)
 q - a wand of acid (18)
 u - a wand of paralysis (28)
 v - a wand of polymorph (6)
 z - a wand of random effects (23)
 D - a wand of digging (6)
 H - a wand of flame (26)
Scrolls
 e - 5 scrolls of enchant armour
 f - 4 scrolls of fog
 m - 5 scrolls of remove curse
 o - a scroll of magic mapping
 s - 3 scrolls of amnesia
 t - 2 scrolls of teleportation
 B - a scroll of blinking
 E - a scroll of silence {unknown}
 F - a scroll of immolation {unknown}
 J - a scroll of holy word {unknown}
Potions
 b - 4 potions of resistance
 g - a potion of curing
 j - 2 potions of cancellation
 l - 7 potions of heal wounds
 p - a potion of lignification
 r - 2 potions of haste
 A - a potion of brilliance
 L - a potion of mutation
Comestibles
 c - 20 rations


   Skills:
 + Level 7.6 Fighting
 + Level 3.3 Armour
 - Level 7.8 Dodging
 - Level 2.0 Stealth
 + Level 8.8 Spellcasting
 + Level 7.7 Conjurations
 + Level 12.5 Air Magic


You had 7 spell levels left.
You knew the following spells:

 Your Spells              Type           Power        Failure   Level  Hunger
a - Shock                 Conj/Air       ####         1%          1    None
b - Static Discharge      Conj/Air       #####...     1%          3    None
c - Airstrike             Air            ######....   1%          4    ###....
d - Swiftness             Chrm/Air       ####....     1%          2    None
e - Lightning Bolt        Conj/Air       #####.....   1%          5    #####..
f - Mephitic Cloud        Conj/Pois/Air  ####....     1%          3    None
g - Blink                 Tloc           N/A          9%          2    None

Your spell library contained the following spells:

 Spells                   Type           Power        Failure   Level  Hunger
 Inner Flame              Hex/Fire       #.......     5%          3    None
 Freeze                   Ice            #...         1%          1    None
 Magic Dart               Conj           ####         1%          1    None
 Conjure Flame            Conj/Fire      ###.....     1%          3    None
 Hailstorm                Conj/Ice       ###.....     3%          4    ###....
 Frozen Ramparts          Ice            #.....       5%          3    None
 Call Imp                 Summ           #.......     9%          2    None
 Slow                     Hex            #.......     9%          2    None
 Confusing Touch          Hex            #.......     17%         3    None
 Gell's Gravitas          Tloc           #.........   17%         3    None
 Ozocubu's Armour         Chrm/Ice       #.......     17%         3    None
 Yara's Violent Unravell  Hex/Tmut       #.........   36%         5    #####..
 Petrify                  Tmut/Erth      #.......     50%         4    ###....
 Summon Ice Beast         Ice/Summ       #.......     50%         4    ###....
 Metabolic Englaciation   Hex/Ice        #.........   82%         5    #####..


Dungeon Overview and Level Annotations

Branches:
Dungeon (12/15)            Temple (1/1) D:7            Lair (0/6) D:8
    Orc (0/2) D:12        Gauntlet (1/1)

Altars:
Ashenzari
Cheibriados
Dithmenos
Elyvilon
Fedhas
Gozag
Hepliaklqana
Kikubaaqudgha
Makhleb
Nemelex Xobeh
Okawaru
Qazlal
Ru
Sif Muna
Trog
Uskayaw
Vehumet
Wu Jian
Xom
Yredelemnul
Zin
The Shining One

Shops:
D:12 [

Annotations:
D:7 test
D:8 exclusion: downstairs Gauntlet 8 transporters


Innate Abilities, Weirdness & Mutations

You have a beak for a mouth.
You have claws for feet.
You can fly continuously.
You are agile. (Dex +2)
Your flesh is cold resistant. (rC+)
Your natural rate of healing is unusually fast.


Message History

The minotaur is moderately wounded.
The minotaur hits the minotaur zombie with the +12 glaive of Prune {vorpal}!!
The minotaur gores the minotaur zombie!
Okay, then.
The minotaur throws a javelin.
The javelin pierces through you!
You are starving!
There is an open door here.
There is a gate leading back out of this place here.
Items here: % )) /// [[[[[ |
h - a twisted jewelled staff;
q - a wand of acid (12)
q - a wand of acid (19) (gained 7 charges)
The minotaur throws a javelin.
The javelin completely misses you.
Evoke which item? (* to show all) (? for menu, Esc to quit)
Aiming: Corrosive Bolt
Press: ? - help, Shift-Dir - straight line, f/p - minotaur
Aim: a minotaur, wielding the +12 glaive of Prune {vorpal}, wearing a +0 chain mail of cold resistance and quivering 12 javelins (lightly wounded)
The bolt of acid misses the minotaur.
The minotaur throws a javelin.
The javelin pierces through you!!
The minotaur throws a javelin.
The javelin pierces through you!!
You die...

###+## ###..⌠.#
.'(...# #...⌠+
#.@..# ###.##
#######'#######
#..(...(.(....#
#.###.###H###.#
#........Z....#
###.###.###.###
###.###H###.###
#....H........#


You could see a minotaur and a minotaur zombie.

Vanquished Creatures
  3 two-headed ogres
  An orange crystal statue (Gauntlet)
  Maggie (D:9)
  2 trolls
  Grinder (D:5)
  A shadow (D:10)
  2 hogs (D:7)
  A human (D:7)
  A basilisk (D:8)
  2 yaks (D:7)
  2 hungry ghosts
  Edmund (D:5)
  Duvessa (D:5)
  2 ice beasts (D:8)
  2 black bears
  8 ogres
  3 phantoms
  5 sky beasts
  2 necrophages
  5 centaurs
  A crocodile (D:8)
  2 big kobolds
  2 wyvern zombies
  5 bullfrogs
  A wyvern skeleton (D:7)
  Dowan (D:5)
  4 scorpions
  9 wights
  3 howler monkeys
  3 bullfrog zombies
  7 crimson imps
  3 centaur zombies
  7 hounds
  8 orc wizards
  3 centaur skeletons
  3 orc priests
  2 jellies
  A bullfrog skeleton (D:10)
  Ijyb (D:5)
  5 iguanas
  6 worker ants
  A hound zombie (D:9)
  A hound skeleton (D:6)
  2 worker ant zombies
  Robin (D:4)
  11 adders
  2 shadow imps
  2 adder zombies
  3 adder skeletons
  6 worms
  2 dart slugs (D:1)
  4 leopard geckos
  47 orcs
  A ball python (D:1)
  6 giant cockroaches
  19 goblins
  10 hobgoblins
  6 jackals
  18 kobolds
  2 quokkas
  8 bats
  3 frilled lizards
  15 rats
293 creatures vanquished.

Notes
Turn   | Place    | Note
-------+----------+-------------------------------------------
     0 | D:1      | mortelune the Tengu Air Elementalist began the quest for
                  | the Orb.
     0 | D:1      | Reached XP level 1. HP: 10/10 MP: 4/4
   408 | D:1      | Reached XP level 2. HP: 15/15 MP: 3/6
  1112 | D:1      | Reached XP level 3. HP: 20/20 MP: 5/7
  2038 | D:2      | Learned a level 3 spell: Static Discharge
  2393 | D:2      | Reached skill level 1 in Fighting
  2472 | D:2      | Reached XP level 4. HP: 25/25 MP: 1/8
  3618 | D:3      | Reached skill level 5 in Air Magic
  4036 | D:3      | Gained mutation: You can fly continuously. [Tengu growth]
  4036 | D:3      | Reached XP level 5. HP: 28/29 MP: 5/9
  4492 | D:3      | Learned a level 4 spell: Airstrike
  5260 | D:4      | Noticed an ogre
  5287 | D:4      | Killed an ogre
  5287 | D:4      | Reached skill level 6 in Air Magic
  5287 | D:4      | Reached XP level 6. HP: 35/35 MP: 3/11
  5353 | D:4      | Learned a level 2 spell: Swiftness
  5476 | D:4      | Noticed a phantom
  5778 | D:4      | Noticed Robin
  5781 | D:4      | Killed Robin
  6000 | D:4      | Found a sparkling altar of Nemelex Xobeh.
  6257 | D:5      | Entered Level 5 of the Dungeon
  6552 | D:5      | Noticed Duvessa
  6817 | D:6      | Reached XP level 7. HP: 38/40 MP: 6/13
  7239 | D:6      | Reached skill level 7 in Air Magic
  7939 | D:6      | Reached XP level 8. HP: 46/46 MP: 7/16
  8447 | D:5      | Noticed Dowan
  8453 | D:5      | Killed Dowan
  8453 | D:5      | Reached skill level 5 in Spellcasting
  8453 | D:5      | Reached skill level 8 in Air Magic
  8577 | D:5      | Noticed Edmund
  8812 | D:6      | Found a burning altar of Makhleb.
  9008 | D:7      | Found a staircase to the Ecumenical Temple.
  9044 | Temple   | Entered the Ecumenical Temple
  9282 | Temple   | Became a worshipper of Vehumet
  9305 | D:7      | Learned a level 5 spell: Lightning Bolt
  9554 | D:7      | Reached skill level 5 in Dodging
  9683 | D:7      | Reached skill level 9 in Air Magic
  9764 | D:7      | Got a smoking scale mail
 10012 | D:7      | Reached XP level 9. HP: 52/52 MP: 9/18
 10744 | D:5      | Killed Duvessa
 11171 | D:5      | Killed Edmund
 11171 | D:5      | Reached * piety under Vehumet
 11171 | D:5      | Offered knowledge of Freeze by Vehumet.
 11171 | D:5      | Reached skill level 10 in Air Magic
 11365 | D:5      | Found a shimmering altar of Xom.
 11365 | D:5      | Noticed Ijyb
 11367 | D:5      | Killed Ijyb
 11623 | D:5      | Noticed Grinder
 11623 | D:5      | Paralysed by Grinder for 7 turns
 11634 | D:5      | Killed Grinder
 11933 | D:5      | Reached skill level 5 in Fighting
 12373 | D:5      | Learned a level 3 spell: Mephitic Cloud
 12376 | D:5      | Learned a level 2 spell: Blink
 12424 | D:5      | Identified the cursed +0 scale mail of Piduh {-Tele rPois
                  | Dex+4} (You found it on level 7 of the Dungeon)
 12637 | D:7      | Reached XP level 10. HP: 48/59 MP: 9/22
 12887 | D:7      | Reached skill level 11 in Air Magic
 14025 | D:8      | Found a staircase to the Lair.
 14025 | D:8      | Noticed an elephant
 14034 | D:8      | Found a glowing silver altar of Zin.
 14171 | D:8      | Offered knowledge of Foxfire by Vehumet.
 14173 | D:8      | Reached ** piety under Vehumet
 14468 | D:8      | Noticed a death yak
 14479 | D:8      | Reached skill level 5 in Conjurations
 15378 | D:9      | Found a shadowy altar of Dithmenos.
 15594 | D:9      | Noticed a two-headed ogre
 15598 | D:9      | Killed a two-headed ogre
 15756 | D:9      | Noticed Maggie
 15761 | D:9      | Killed Maggie
 15761 | D:9      | Offered knowledge of Searing Ray by Vehumet.
 15761 | D:9      | Reached XP level 11. HP: 66/66 MP: 4/24
 16102 | D:10     | Entered Level 10 of the Dungeon
 16272 | D:10     | Reached skill level 12 in Air Magic
 16302 | D:10     | Reached skill level 1 in Armour
 16480 | D:10     | Reached *** piety under Vehumet
 16562 | D:10     | Noticed a two-headed ogre
 16579 | D:10     | Killed a two-headed ogre
 17010 | D:10     | Noticed a two-headed ogre
 17070 | D:10     | Killed a two-headed ogre
 17590 | D:10     | Offered knowledge of Inner Flame by Vehumet.
 18569 | D:11     | You are sucked into a shaft and drop 1 floor!
 18569 | D:12     | Found a staircase to the Orcish Mines.
 18569 | D:12     | Found Oppizikk's Armour Boutique.
 18749 | D:11     | Found a gate leading to a gauntlet.
 18762 | Gauntlet | Entered a Gauntlet
 18762 | Gauntlet | Found a transporter.
 18822 | Gauntlet | Found a transporter.
 18838 | Gauntlet | Found a transporter.
 18842 | Gauntlet | Found a transporter.
 18863 | Gauntlet | Found a transporter.
 18876 | Gauntlet | Found a transporter.
 18883 | Gauntlet | Found a transporter.
 18887 | Gauntlet | Found a transporter.
 18888 | Gauntlet | Noticed an orange crystal statue
 18909 | Gauntlet | Noticed a hell beast
 18910 | Gauntlet | Found a transporter.
 18935 | Gauntlet | Noticed a moth of wrath
 18937 | Gauntlet | Found a transporter.
 18937 | Gauntlet | Found a transporter.
 18995 | Gauntlet | Found a transporter.
 19203 | Gauntlet | Killed an orange crystal statue
 19337 | Gauntlet | Got a warped copper amulet
 19340 | Gauntlet | Identified the amulet of Vurel {Spirit +Fly MR+++ Str-2}
                  | (You found it in a Gauntlet)
 19472 | Gauntlet | Gained mutation: You are agile. (Dex +2) [potion of
                  | mutation]
 19472 | Gauntlet | Gained mutation: Your natural rate of healing is unusually
                  | fast. [potion of mutation]
 19472 | Gauntlet | Gained mutation: Your flesh is cold resistant. (rC+)
                  | [potion of mutation]
 19532 | Gauntlet | Noticed a minotaur
 19564 | Gauntlet | Hit by a javelin thrown by a minotaur

Illustrated notes

Levels and vault maps discovered:
D:1:      psy_arrival_dodecagon, layout_basic
D:2:      layout_basic
D:3:      layout_loops_cross, first_ration
D:4:      layout_loops_ring, nemelex_xobeh_ov_fountains_minmay, uniq_robin
D:5:      layout_basic, basic_altar, uniq_grinder, uniq_ijyb, uniq_edmund,
          uniq_duvessa
D:6:      layout_loops_ring, makhleb_blood_cavern_becter
D:7:      layout_basic, minmay_temple_entry_statues_fountains, grunt_livestock
D:8:      layout_cave_pools, kennysheep_little_box, david_lair_generic,
          minmay_quadrilaterals
D:9:      layout_cave_pools, nicolae_dithmenos_shadow_blocks,
          minmay_variable_closet, uniq_maggie
D:10:     minmay_angry_zag, layout_basic, minmay_misc_feat_room
D:11:     layout_cave_pods, gauntlet_entry_generic, columned_hall_lemuel,
          lemuel_nasty_fountain
D:12:     layout_loops_ring, orc_david_3
Temple:   eino_narrow_crystal_temple
Gauntlet: minmay_gauntlet_mixed_oops_all_seconds
          [minmay_gauntlet_arena_77_hold_the_fort, nicolae_gauntlet_swirl,
          minmay_gauntlet_arena_77_mirror, nicolae_gauntlet_arena_flowing_pool,
          minmay_gauntlet_arena_77_double_cross,
          gammafunk_gauntlet_arena_split_diamond, gauntlet_exit_hidden_loot]

Skill      XL: |  1  2  3  4  5  6  7  8  9 10 11 |
---------------+----------------------------------+-----
Conjurations   | 2 3 6 7 |  7.7
Fighting       | 1 2 3 4 5 6 7 |  7.6
Air Magic      | 5 6 7 9 10 11 12 | 12.5
Dodging        | 3 4 5 6 7 |  7.8
Spellcasting   | 3 4 5 7 8 |  8.8
Armour         | 3 |  3.3
Stealth        | |  2.0

Action                   |  1- 3 |  4- 6 |  7- 9 | 10-12 || total
-------------------------+-------+-------+-------+-------++-------
Melee: Club              |     7 |       |       |       ||     7
       Kick              |     2 |     2 |     1 |     4 ||     9
       Rapier            |       |    10 |     3 |       ||    13
       Peck              |       |     2 |     1 |     2 ||     5
       Long sword        |       |       |       |     3 ||     3
 Cast: Shock             |   110 |   149 |   133 |    83 ||   475
       Airstrike         |       |     7 |    82 |   169 ||   258
       Static Discharge  |       |       |     2 |       ||     2
       Swiftness         |       |       |       |     1 ||     1
       Lightning Bolt    |       |       |       |     3 ||     3
       Mephitic Cloud    |       |       |       |     2 ||     2
 Abil: Fly               |       |     1 |       |       ||     1
Evoke: Wand              |       |       |       |     1 ||     1
  Use: Scroll            |       |    10 |     4 |     6 ||    20
       Potion            |       |       |       |     6 ||     6
 Stab: Sleeping          |       |       |     1 |       ||     1
  Eat: Chunk             |     6 |    16 |    16 |    21 ||    59
       Ration            |       |       |     4 |     4 ||     8
Armor: Robe              |     5 |     6 |     5 |     1 ||    17
       Acid dragon scale |       |       |       |     8 ||     8
Dodge: Dodged            |    18 |    30 |    33 |    29 ||   110
       Rpst.: Long sword |       |       |       |     4 ||     4
